 Dungeon Crawl Stone Soup version 0.28-a0-519-gbfeecf2fc5 (webtiles) character file.

Game seed: 11860051568082123488

11711 Rennog the Grappler (level 11, 0/101 HPs)
             Began as a Troll Fighter on Sept 23, 2021.
             Was an Elder of Hepliaklqana.
             Slain by an ogre mage (9 damage)
             ... on level 15 of the Dungeon.
             The game lasted 00:19:03 (8379 turns).

Rennog the Grappler (Troll Fighter)                 Turns: 8379, Time: 00:19:05

Health: 0/101      AC:  5    Str: 32    XL:     11   Next: 52%
Magic:  10/10      EV: 10    Int:  5    God:    Hepliaklqana [****..]
Gold:   608        SH: 10    Dex: 11    Spells: 10/10 levels left

rFire   + . .      SeeInvis .     - Unarmed
rCold   + . .      Faith    .   C - +2 kite shield {rC+ rF+}
rNeg    . . .      Spirit   .   a - +0 robe
rPois   .          Reflect  .   (helmet restricted)
rElec   .          Harm     .   v - +0 cloak
rCorr   +          Rampage  .   (gloves unavailable)
Will    .....                   (boots unavailable)
Stlth   +.........              (no amulet)
HPRegen 1.26/turn               J - +6 ring of strength
MPRegen 0.12/turn               g - ring of resist corrosion

@: about to teleport
A: reduced essence, large, unfitting armour, claws 3, regeneration 1, shaggy fur
1, tough skin 1
a: Renounce Religion, Recall Ancestor, Ancestor Identity, Transference, Idealise


You were on level 15 of the Dungeon.
You worshipped Hepliaklqana.
Hepliaklqana was greatly pleased with you.
You visited 1 branch of the dungeon, and saw 15 of its levels.
You also visited: Bailey.

You collected 608 gold pieces.

Inventory:

Armour
 a - a +0 robe (worn)
 v - a +0 cloak (worn)
 C - a +2 kite shield of resistance (worn)
Jewellery
 b - a ring of poison resistance
 g - a ring of resist corrosion (right claw)
 n - a ring of see invisible
 p - the amulet of Moderation {rC+ Regen+ Stlth+}
   (You found it on level 10 of the Dungeon)

   [amulet of regeneration]

   rC:        It protects you from cold.
   Regen:     It increases your rate of health regeneration.
   Stlth:     It makes you more stealthy.
 t - an amulet of reflection
 y - a ring of flight
 J - a +6 ring of strength (left claw)
Wands
 w - a wand of polymorph (7)
 A - a wand of mindburst (14)
 F - a wand of acid (1)
 I - a wand of charming (7)
Scrolls
 d - 4 scrolls of holy word
 f - 4 scrolls of magic mapping
 i - 5 scrolls of teleportation
 m - 5 scrolls of noise
 o - 3 scrolls of blinking {unknown}
 r - 3 scrolls of enchant armour {unknown}
 u - a scroll of identify
 B - 2 scrolls of amnesia {unknown}
 E - 2 scrolls of fear {unknown}
 H - a scroll of fog {unknown}
 L - a scroll of summoning {unknown}
 M - a scroll of immolation {unknown}
Potions
 c - a potion of might
 e - 2 potions of attraction
 h - 5 potions of curing
 j - a potion of berserk rage
 k - a potion of flight
 l - 3 potions of brilliance
 q - 2 potions of heal wounds
 s - 3 potions of lignification
 x - a potion of resistance {unknown}
 z - a potion of magic {unknown}
 D - 2 potions of cancellation {unknown}
 G - 2 potions of degeneration {unknown}
 K - a potion of ambrosia {unknown}


   Skills:
 + Level 8.3 Fighting
 + Level 7.4 Dodging
 + Level 3.7 Shields
 * Level 13.3 Unarmed Combat


You had 10 spell levels left.
You didn't know any spells.
Your spell library contained the following spells:

 Spells                   Type           Power      Damage    Failure   Level
 Foxfire                  Conj/Fire      0%         2x1d4     86%         1
 Pain                     Necr           0%         1d4       86%         1
 Static Discharge         Conj/Air       0%         N/A       94%         2
 Conjure Flame            Conj/Fire      0%         6-21      99%         3
 Dazzling Flash           Conj/Hex       0%         N/A       99%         3
 Ignite Poison            Fire/Tmut/Pois 0%         N/A       99%         3
 Inner Flame              Hex/Fire       0%         N/A       99%         3
 Mephitic Cloud           Conj/Pois/Air  0%         N/A       99%         3
 Dispel Undead            Necr           0%         3d6       100%        4
 Flame Wave               Conj/Fire      0%         3d3       100%        4
 Sticky Flame             Conj/Fire      0%         2d3       100%        4
 Agony                    Necr           0%         N/A       100%        5
 Excruciating Wounds      Necr           0%         N/A       100%        5
 Fireball                 Conj/Fire      0%         3d3       100%        5
 Freezing Cloud           Conj/Ice/Air   0%         6-21      100%        5
 Silence                  Hex/Air        0%         N/A       100%        5
 Starburst                Conj/Fire      0%         6d3       100%        6
 Borgnjor's Revivificati  Necr           0%         N/A       100%        8
 Ignition                 Fire           0%         3d3       100%        8
 Necromutation            Tmut/Necr      0%         N/A       100%        8
 Death's Door             Necr           0%         N/A       100%        9


Dungeon Overview and Level Annotations

Branches:
Dungeon (14/15)            Temple (0/1) D:4          Vaults (0/5) D:14
 Bailey (visited)
   Lair: D:8-11         Orc: D:9-12

Altars:
Cheibriados
Gozag
Hepliaklqana
Kikubaaqudgha
Qazlal
Ru
Sif Muna
Trog
Vehumet
Zin

Shops:
D:2 [   D:5 :   D:6 *

Annotations:
D:14 Nessos, Rupert, Urug


Innate Abilities, Weirdness & Mutations

Your life essence is reduced to manifest your ancestor. (-10% HP)
You are too large for most types of armour.
You have claws for hands.
Your natural rate of healing is unusually fast.
You are covered in fur. (AC +1)
You have tough skin. (AC +1)


Message History

As you read the scroll of teleportation, it crumbles to dust.
You feel strangely unstable.
The human shouts! x2; You hear a shout!
You hear a deafening roar!
You hear a shout!
A human comes into view.
Nessos gestures wildly while chanting.
Nessos blinks!
You fall into a shaft and drop 1 floor!
The shaft crumbles and collapses. 2 orc warriors, an orc wizard and an orc knight come into view.
The orc wizard shouts!
The orc warrior shouts!
You hear a horrible gurgling sound! x2
Found 9 sling bullets and 38 gold pieces.
Found 19 gold pieces.
The orc warrior shouts!
The orc warrior throws a boomerang.
The boomerang hits you!
Your surroundings suddenly seem different.
A hydra, 2 ugly things, a centaur warrior, 2 ogre magi and a salamander come into view.
Found a pair of twisted boots.
The cyan ugly thing gurgles horribly!
The ogre mage shouts!
The green ugly thing gurgles horribly!
The centaur warrior shouts!
You hear a shout! x2
The centaur warrior wields a +0 shortbow.
The centaur warrior shoots an arrow.
The arrow closely misses you.
A cyclops comes into view.
A freezing wraith comes into view.
The ogre mage moves out of view.
As you read the scroll of teleportation, it crumbles to dust.
You feel strangely unstable.
The centaur warrior shoots an arrow.
The arrow hits you! The salamander closely misses you.
The centaur warrior shoots an arrow.
The arrow hits you!
* * * LOW HITPOINT WARNING * * *
The ogre mage misses you.
You feel much better. The salamander hits you!
* * * LOW HITPOINT WARNING * * *
You are engulfed in flames!
You resist.
* * * LOW HITPOINT WARNING * * *
The green ugly thing trunk-slaps you!
* * * LOW HITPOINT WARNING * * *
The ogre mage hits you with a +0 whip!
You die...

# ..# . ..
.#W. #..#
#.D# #u.#
#NO# #@.#
#..O.u#..#
.......
c.#
.C#####
..# ##[ ##
......
#.....
#.....


You could see a seven-headed hydra, 2 ugly things, a salamander, a centaur
warrior, 2 ogre magi, a cyclops and a freezing wraith.

Vanquished Creatures
  2 centaur warriors
  A hydra (D:9)
  Erica (D:10)
  A two-headed ogre (D:13)
  Sonja (D:10)
  An orb spider (shapeshifter) (D:13)
  An ugly thing (D:10)
  Maurice (D:8)
  A troll (D:13)
  2 dream sheep (D:9)
  A wraith (D:10)
  Sigmund (D:4)
  A wyvern (D:10)
  A shadow (D:11)
  A basilisk (D:9)
  A water moccasin (D:7)
  An acid dragon (D:9)
  4 orc warriors
  2 sky beasts (D:7)
  A black bear (D:6)
  An ice beast (D:7)
  A wolf (D:8)
  4 ogres
  9 centaurs
  5 kobold brigands
  A bullfrog (D:9)
  2 scorpions
  17 killer bees
  5 wights (D:9)
  2 centaur zombies
  2 centaur skeletons
  3 hounds
  2 gnoll shamans
  4 orc priests
  4 bullfrog skeletons
  5 orc wizards
  A killer bee zombie (D:6)
  Robin (D:4)
  3 howler monkey skeletons
  6 adders
  16 gnolls
  A shadow imp (D:4)
  2 white imps
  4 dart slugs
  24 orcs
  4 bats
  5 endoplasms
  2 giant cockroaches
  25 goblins
  5 hobgoblins
  8 jackals
  5 quokkas
  7 ball pythons
  A frilled lizard (D:2)
  30 kobolds
  6 rats
249 creatures vanquished.

Vanquished Creatures (collateral kills)
  A centaur zombie (D:10)
  An orc warrior (Bailey)
  A hornet zombie (D:8)
  A wolf (D:8)
  2 gnoll sergeants
  A kobold brigand (D:8)
  2 killer bees
  2 hounds (D:8)
  A jelly (D:6)
  2 orc wizards (D:8)
  2 gnolls
  A howler monkey skeleton (D:5)
  A dart slug (D:4)
  4 orcs
  An endoplasm (D:4)
  3 goblins
  A hobgoblin (Bailey)
  7 kobolds
34 creatures vanquished.

Vanquished Creatures (others)
  A manticore (D:13)
  6 hexers
  9 plants
16 creatures vanquished.

Grand Total: 299 creatures vanquished

Notes
Turn   | Place    | Note
-------+----------+-------------------------------------------
     0 | D:1      | Rennog the Troll Fighter began the quest for the Orb.
     0 | D:1      | Reached XP level 1. HP: 22/22 MP: 0/0
   233 | D:1      | Reached XP level 2. HP: 29/29 MP: 1/1
   562 | D:1      | Reached skill level 3 in Unarmed Combat
   730 | D:2      | Reached XP level 3. HP: 36/36 MP: 2/2
   802 | D:2      | Found Xoneo's Antique Armour Emporium.
   876 | D:2      | Reached XP level 4. HP: 45/45 MP: 3/3
  1347 | D:2      | Reached skill level 4 in Unarmed Combat
  1527 | D:3      | Found a hazy altar of Hepliaklqana.
  1590 | D:3      | Became a worshipper of Hepliaklqana the Forgotten
  2271 | D:3      | Reached XP level 5. HP: 41/53 MP: 4/4
  2515 | D:4      | Reached skill level 5 in Unarmed Combat
  2655 | D:4      | Reached * piety under Hepliaklqana
  2683 | D:4      | Noticed Sigmund
  2690 | D:4      | Killed Sigmund
  2691 | D:4      | Reached XP level 6. HP: 39/55 MP: 5/5
  2780 | D:4      | Reached skill level 6 in Unarmed Combat
  2820 | D:4      | Found a staircase to the Ecumenical Temple.
  2833 | D:4      | Noticed Robin
  2852 | D:4      | Killed Robin
  2986 | D:4      | Reached XP level 7. HP: 22/63 MP: 6/6
  3324 | D:4      | Found a glowing silver altar of Zin.
  3324 | D:4      | Noticed an angel
  3609 | D:5      | Entered Level 5 of the Dungeon
  3790 | D:5      | Reached skill level 7 in Unarmed Combat
  3924 | D:5      | Found Anump's Book Shoppe.
  4435 | D:6      | Reached ** piety under Hepliaklqana
  4436 | D:6      | Remembered your ancestor Lwandle as a hexer
  4449 | D:6      | Found a shimmering blue altar of Sif Muna.
  4453 | D:6      | Found a sacrificial altar of Ru.
  4458 | D:6      | Reached XP level 8. HP: 71/71 MP: 7/7
  4482 | D:6      | Reached skill level 5 in Fighting
  4745 | D:6      | Reached skill level 8 in Unarmed Combat
  4841 | D:6      | Found Gozag's Platinum Reserve.
  4841 | D:6      | Found an opulent altar of Gozag.
  5286 | D:7      | Found a snail-covered altar of Cheibriados.
  5309 | D:7      | Reached skill level 9 in Unarmed Combat
  5329 | D:7      | Reached XP level 9. HP: 80/80 MP: 8/8
  5343 | D:7      | Found a flagged portal.
  5355 | Bailey   | Entered a bailey
  6016 | D:7      | Reached skill level 5 in Dodging
  6051 | D:7      | Reached skill level 10 in Unarmed Combat
  6553 | D:8      | Reached *** piety under Hepliaklqana
  6702 | D:8      | Noticed Maurice
  6714 | D:8      | Killed Maurice
  6715 | D:8      | Reached XP level 10. HP: 89/90 MP: 9/9
  6788 | D:8      | Noticed a centaur warrior
  6792 | D:8      | Killed a centaur warrior
  6793 | D:8      | Reached skill level 11 in Unarmed Combat
  6863 | D:9      | Found a stormy altar of Qazlal.
  6882 | D:9      | Found a bloodstained altar of Trog.
  7251 | D:9      | Reached skill level 12 in Unarmed Combat
  7275 | D:9      | Noticed a three-headed hydra
  7285 | D:9      | Killed a three-headed hydra
  7470 | D:10     | Entered Level 10 of the Dungeon
  7535 | D:10     | Found an ancient bone altar of Kikubaaqudgha.
  7621 | D:10     | Noticed Erica
  7631 | D:10     | Killed Erica
  7632 | D:10     | Reached XP level 11. HP: 95/99 MP: 10/10
  7715 | D:10     | Found a radiant altar of Vehumet.
  7751 | D:10     | Identified the amulet of Moderation {rC+ Regen+ Stlth+}
  7809 | D:10     | Noticed Sonja
  7822 | D:10     | Killed Sonja
  7958 | D:11     | Noticed a brown ugly thing
  7972 | D:10     | Killed a brown ugly thing
  7981 | D:11     | You fall into a shaft and drop 2 floors!
  8021 | D:13     | Noticed a centaur warrior
  8028 | D:13     | Killed a centaur warrior
  8029 | D:13     | Reached skill level 13 in Unarmed Combat
  8120 | D:12     | Reached **** piety under Hepliaklqana
  8140 | D:12     | Noticed a death knight
  8184 | D:13     | Noticed a two-headed ogre
  8184 | D:13     | Noticed an orb spider
  8194 | D:13     | Killed an orb spider
  8202 | D:13     | Killed a two-headed ogre
  8235 | D:13     | Noticed a white ugly thing
  8362 | D:14     | Noticed a tengu warrior
  8372 | D:14     | Found a gate to the Vaults.
  8372 | D:14     | Noticed Nessos
  8372 | D:14     | Noticed Urug
  8372 | D:14     | Noticed Rupert
  8375 | D:14     | You fall into a shaft and drop 1 floor!
  8375 | D:15     | Entered Level 15 of the Dungeon
  8375 | D:15     | Noticed an orc knight
  8377 | D:15     | Noticed a seven-headed hydra
  8377 | D:15     | Noticed a cyan ugly thing
  8377 | D:15     | Noticed an ogre mage
  8377 | D:15     | Noticed an ogre mage
  8377 | D:15     | Noticed a green ugly thing
  8377 | D:15     | Noticed a centaur warrior
  8379 | D:15     | Slain by an ogre mage

Illustrated notes

Levels and vault maps discovered:
D:1:      matt_arrival_grand_opening, layout_loops_ring,
          hangedman_abyss_or_decor_lesser_grid
D:2:      layout_loops_corners, serial_shops, nicolae_diamond_shop
D:3:      layout_loops_cross, marbit_many_paths, minmay_misc_feat_x
D:4:      layout_layer_cave, zin_angel, minmay_temple_entry_stoned_glass,
          serial_bayou_lagoon_a, uniq_sigmund, uniq_robin
D:5:      layout_basic, serial_shops, nicolae_take_the_stairs,
          hangedman_decor_growths
D:6:      layout_basic, nicolae_gozag_zags_fifth_avenue,
          overflow_temple_1_default, mainiacjoe_overflow_cross_hatched
D:7:      layout_loops_cross, amcnicky_altar_gilded, enter_bailey_4
D:8:      layout_rooms, erik_lair_island, uniq_psyche, uniq_maurice
D:9:      layout_basic, mainiacjoe_overflow_surrounded_room,
          nicolae_qazlal_style_of_elements, hangedman_ranch
D:10:     layout_cave_pools, nicolae_kikubaaqudgha_miasma_corner,
          kennysheep_mini_moat, uniq_sonja, uniq_erica
D:11:     layout_cave_pools, hiddenorc1_lemuel, portal_ice_cave_demonic_guard
D:12:     layout_roguey [special_room_orc],
          minmay_guarded_unrand_staff_of_olgreb, uniq_nergalle
D:13:     layout_loops_ring, serial_shops, nicolae_shop_stone, minmay_circle_x
D:14:     layout_basic, david_vaults_3, chequers_garden, uniq_roxanne
D:15:     grunt_enter_depths_snipers, layout_cave_pools, patterned_corridor,
          minmay_pinched_square

Skill      XL: |  1  2  3  4  5  6  7  8  9 10 11 |
---------------+----------------------------------+-----
Unarmed Combat | 3 4 5 6 7 9 10 12 13 | 13.3
Fighting       | 3 4 5 6 7 8 |  8.3
Dodging        | 3 4 5 6 7 |  7.4
Shields        | 3 |  3.7

Action                   |  1- 3 |  4- 6 |  7- 9 | 10-12 || total
-------------------------+-------+-------+-------+-------++-------
Melee: Unarmed           |    55 |   163 |   312 |   134 ||   664
Invok: Ancestor Life: He |       |       |     1 |       ||     1
       Recall Ancestor   |       |       |       |     1 ||     1
Evoke: Wand              |       |       |       |     4 ||     4
  Use: Potion            |       |       |     3 |     2 ||     5
       Scroll            |       |       |     9 |     3 ||    12
 Stab: Sleeping          |     1 |     1 |       |       ||     2
       Confused          |       |       |     2 |     5 ||     7
       Distracted        |       |       |     4 |     1 ||     5
Armor: Robe              |    12 |    49 |    75 |    27 ||   163
Dodge: Dodged            |    15 |    58 |   115 |    45 ||   233
Block: Kite shield       |    12 |    57 |   243 |   117 ||   429
       Reflection        |       |       |    31 |    22 ||    53

Table legend: (Time is in decaauts)
 A = Elapsed time spent in this place.
 B = Non-inter-level travel time spent in this place.
 C = Inter-level travel time spent in this place.
 D = Time resting spent in this place.
 E = Time spent auto-exploring this place.
 F = Levels seen in this place.
 G = Mean time per level.
                   A        B        C        D        E       F      G
               +--------+--------+--------+--------+--------+-----+--------+
         Total |   8447 |   7962 |    485 |     62 |   5859 |  16 |  527.9 |
       Dungeon |   7997 |   7512 |    485 |     62 |   5675 |  15 |  533.1 |
        Bailey |    450 |    450 |      0 |      0 |    184 |   1 |  450.0 |
               +--------+--------+--------+--------+--------+-----+--------+

Top non-repeatable levels by time:
     D:4: 1276 daAuts
     D:7: 864 daAuts
     D:3: 833 daAuts
     D:2: 828 daAuts
     D:5: 802 daAuts
     D:6: 800 daAuts
     D:1: 702 daAuts
     D:9: 613 daAuts
    D:10: 511 daAuts
  Bailey: 450 daAuts
     D:8: 355 daAuts
    D:13: 273 daAuts
    D:14: 66 daAuts
    D:12: 52 daAuts
    D:11: 10 daAuts
